 Dungeon Crawl Stone Soup version 0.29.1-14-g9c671dbff4 (webtiles) character file.

Game seed: 6383624352985827089

3 croobank the Sneak (level 1, -12/16 HPs)
             Began as an Octopode Delver on Feb 17, 2023.
             Mangled by an orc
             ... wielding a +1 short sword of distortion
              (24 damage)
             ... on level 4 of the Dungeon.
             The game lasted 00:03:35 (550 turns).

croobank the Sneak (Octopode Delver)                 Turns: 550, Time: 00:03:35

Health: -12/16     AC:  1    Str: 11    XL:     1   Next: 50%
Magic:  1/1        EV: 13    Int: 12    God:
Gold:   66         SH:  0    Dex: 13    Spells: 0/0 levels left

rFire   . . .      SeeInvis .   a - +0 hand axe
rCold   . . .      Faith    .   (no shield)
rNeg    . . .      Spirit   .   (helmet restricted)
rPois   .          Reflect  .   (no amulet)
rElec   .          Harm     .   (no ring)
rCorr   .          Rampage  .   (no ring)
Will    .....                   (no ring)
Stlth   ++++......              (no ring)
HPRegen 0.05/turn               (no ring)
MPRegen 0.07/turn               (no ring)
                                (no ring)
                                (no ring)

@: no status effects
A: almost no armour, amphibious, 8 rings, camouflage 1, gelatinous body 1,
(nimble swimmer 1), tentacles
a: no special abilities


You were on level 4 of the Dungeon.
You visited 1 branch of the dungeon, and saw 4 of its levels.
You also visited: Ossuary.

You collected 66 gold pieces.

Inventory:

Hand Weapons
 a - a +0 hand axe (weapon)
 b - a +0 sling
 j - a +0 mace
Wands
 f - a wand of digging (3)
Scrolls
 c - a scroll of fog
 d - a scroll of fear
Potions
 e - a potion of haste
 g - a potion of heal wounds
 h - a potion of curing {unknown}
 i - a potion of resistance


   Skills:
 + Level 3.0 Fighting
 + Level 2.1 Axes
 + Level 2.0 Dodging
 + Level 6.6 Stealth


You couldn't memorise any spells.
You didn't know any spells.
Your spell library was empty.

Dungeon Overview and Level Annotations

Branches:
Dungeon (7/15)            Ossuary (visited)
 Temple: D:4-7

Altars:

Annotations:
D:7 1 transporter


Innate Abilities, Weirdness & Mutations

You cannot wear most types of armour.
You are amphibious.
You can wear up to eight rings at the same time.
Your skin changes colour to match your surroundings (Stealth+).
Your rubbery body absorbs attacks. (AC +1, EV +1)
((You are camouflaged when in or above water. (Stealth+)))
You have tentacles for arms and can constrict up to eight enemies at once.


Message History

You kill the orc!
Your life force feels restored.
Things that are here:
a +0 mace; a +0 leather armour
j - a +0 mace You start resting.
You hear the slow hiss of an avalanche of sand very nearby.
You start resting.
You hear the slow hiss of an avalanche of sand.
You open the door.
Found a sand-covered staircase.
There is an open door here.
There is a sand-covered staircase here.
The world spins around you as you enter the gateway.
You enter an ossuary!
Found a gate leading back out of this place.
There is an empty arch of ancient stone here.
As you read the scroll labelled PASCHA QYXZOCW, it crumbles to dust.
It is a scroll of identify.
g - a potion of heal wounds
As you read the scroll of identify, it crumbles to dust.
i - a potion of resistance
There is a gate leading back out of this place here.
There is a collapsed entrance here.
HP restored.
You open the door.
There is an open door here.
h - an emerald potion You now have 66 gold pieces (gained 13).
An orc comes into view. It is wielding a +0 falchion.
Okay, then.
Okay, then.
The orc shouts! x2
An orc priest comes into view. It is wielding a +0 hand axe.
You barely miss the orc. Your grab misses the orc. You squeeze the orc.
The orc is heavily wounded.
The orc hits you with a +1 short sword of distortion.
Space warps horribly around you!!
Ouch! That really hurt!
You die...

#.# #........,,o.,***,* *,* #[#
#########**..#* *,* *,* #.# *o.#
*,* *,* #.# *..# *,* *,*
#.####### *o.# *,* *,*
#.......########..****,* ****,*
#..##..........o.,,,,*<****,,,,,
*#..##...#'#...#o#***,,,,,,,,**,*
#.#.##...#.#...#@# **,,,*******,*
.###...###.###.#.# *,,,,,**** *,,
#.#.##.+.....'...# *,,,*,,,,* *,,
*#.,*#.###.###..## *,,,,,**,* **,
*#.##...#.#...## ***,****,* **
#......#+#...# *,****,* *
**#..........# *,,,,,,*
#...######## *,****,** #####
**,***,,,****


You could see an orc priest and 3 orcs.

Vanquished Creatures
  An orc (D:4)
  A quokka (D:5)
2 creatures vanquished.

Notes
Turn   | Place    | Note
-------+----------+-------------------------------------------
     0 | D:5      | croobank the Octopode Delver began the quest for the Orb.
     0 | D:5      | Reached XP level 1. HP: 16/16 MP: 1/1
     6 | D:6      | Noticed a black bear
    13 | D:7      | Noticed an ice beast
    13 | D:7      | Noticed a phantom
    13 | D:7      | Found a transporter.
    28 | D:6      | Noticed a wight
    31 | D:6      | Noticed a wight
    34 | D:6      | Noticed a wight
   215 | D:5      | Noticed a jelly
   364 | D:4      | Identified the +2 leather armour of Satisfaction {rC+}
   498 | D:4      | Found a sand-covered staircase.
   504 | Ossuary  | Entered an ossuary
   549 | D:4      | Noticed an orc priest
   550 | D:4      | Mangled by an orc

Illustrated notes

Levels and vault maps discovered:
D:4:      layout_loops_ring, biasface_ghost_orc_armoury,
          nicolae_ossuary_entry_plus, uniq_edmund
D:5:      layout_loops_ring, uniq_sigmund
D:6:      layout_cave_pools
D:7:      layout_rooms, minmay_temple_entry_junction, gammafunk_ghost_arena,
          chequers_mini_garden

Action                   || total
-------------------------++-------
Melee: Hand axe          ||     8
       Tentacles         ||     3
       Constrict         ||     2
  Use: Scroll            ||     3
 Stab: Sleeping          ||     1
Armor: Skin              ||     2
Dodge: Dodged            ||     6
